 Dungeon Crawl Stone Soup version 0.21.1-1-g345015fe64 (webtiles) character file.

44 Oravi the Insei (level 3, -6/39 HPs)
             Began as a Merfolk Transmuter on May 7, 2018.
             Mangled by an orc wizard
             ... wielding a +2 dagger of electrocution
              (15 damage)
             ... on level 2 of the Dungeon.
             The game lasted 00:03:40 (1478 turns).

Oravi the Insei (Merfolk Transmuter)                Turns: 1478, Time: 00:03:44

Health: -6/39      AC: 21    Str: 10    XL:     3   Next: 60%
Magic:  4/6        EV:  2    Int: 13    God:
Gold:   62         SH:  0    Dex: 19    Spells: 0/6 levels left

rFire    . . .     SeeInvis .     - Unarmed
rCold    . . .     Gourm    .   (no shield)
rNeg     + + +     Faith    .   (armour currently unavailable)
rPois    +         Spirit   .   (helmet currently unavailable)
rElec    .         Reflect  .   (cloak currently unavailable)
rCorr    .         Harm     .   (gloves currently unavailable)
MR       .....     NoTele   +   (boots currently unavailable)
Stlth    ++........             (no amulet)
HPRegen  0.13/turn              (no ring)
MPRegen  0.10/turn              (no ring)

@: confused, agile, tree-form
A: (change form in water), (swift swim), (stealthy swim)
a: no special abilities


You were on level 2 of the Dungeon.
You were hungry.
You were a tree.
You visited 1 branch of the dungeon, and saw 2 of its levels.

You collected 62 gold pieces.

Inventory:

Missiles
 a - 23 arrows
Armour
 b - a +0 robe (melded)
 l - a +2 buckler
Scrolls
 e - a scroll of enchant weapon {unknown}
 f - 3 scrolls of amnesia {unknown}
 g - 2 scrolls of remove curse {unknown}
 h - 2 scrolls of identify {unknown}
 k - a scroll of magic mapping {unknown}
 n - a scroll of noise {unknown}
Books
 c - a book of Changes

   Spells                             Type                      Level
   a - Beastly Appendage              Transmutation                1
   b - Sticks to Snakes               Transmutation                2
   c - Spider Form                    Transmutation/Poison         3
   d - Ice Form                       Ice/Transmutation            4
   e - Blade Hands                    Transmutation                5
Comestibles
 d - 4 rations


   Skills:
 - Level 1.1 Fighting
 - Level 2.6 Dodging
 + Level 5.0 Unarmed Combat
 - Level 2.0 Spellcasting
 - Level 2.6 Transmutations


You couldn't memorise any spells.
You knew the following spells:

 Your Spells              Type           Power        Failure   Level  Hunger
a - Beastly Appendage     Tmut           #.....       9%          1    ##.....
b - Sticks to Snakes      Tmut           #.......     13%         2    ###....
c - Spider Form           Tmut/Pois      #.........   41%         3    ####...


Dungeon Overview and Level Annotations

Branches:
Dungeon (2/15)

Altars:


Message History

You resist with significant effort.
You closely miss the orc wizard.
You headbutt the orc wizard, but do no damage.
The orc wizard hits you with a dagger of electrocution.
You are electrocuted!
Ouch! That really hurt!
* * * LOW HITPOINT WARNING * * *
You are too injured to fight recklessly!
You are too injured to fight recklessly!
It was a potion of agility.
You feel agile all of a sudden.
The orc wizard gestures at you while chanting.
You are confused.
It was a potion of lignification.
Your horns disappear.
You turn into a tree.
Your +0 robe melds into your body.
Your roots penetrate the ground.
The orc wizard hits you but does no damage.
You are electrocuted!
You die...

#.###### #.#.#...# #.#
#.#.#...#### #.#
#...........#
#######.########
###)#.#####.#
........##.....# #.#.#
........##.....#####.#.#
........#......'.......#
...........o...#####.######
.......##.####.o♣...........
.......##.# #.##..#########
.......##.# #.##.######
#########.# #.........# #o#
####.####.# #.# #.# #.# #.#
#.# #.# #.# #.# #.#
#.#######.# #.#


You could see an orc priest (wandering) and an orc wizard.

Vanquished Creatures
  An adder (D:2)
  2 worms (D:2)
  A leopard gecko (D:1)
  An orc (D:2)
  3 giant cockroaches
  A goblin (D:1)
  3 hobgoblins
  3 kobolds
  2 quokkas (D:2)
  5 bats (D:1)
  A frilled lizard (D:1)
  A rat (D:2)
24 creatures vanquished.

Notes
Turn   | Place    | Note
-------+----------+-------------------------------------------
     0 | D:1      | Oravi the Merfolk Transmuter began the quest for the Orb.
     0 | D:1      | Reached XP level 1. HP: 15/15 MP: 3/3
   254 | D:1      | Reached XP level 2. HP: 17/21 MP: 3/5
   308 | D:1      | Reached skill level 4 in Unarmed Combat
   962 | D:2      | Reached XP level 3. HP: 14/26 MP: 4/6
  1323 | D:2      | Learned a level 2 spell: Sticks to Snakes
  1327 | D:2      | Learned a level 3 spell: Spider Form
  1456 | D:2      | Reached skill level 5 in Unarmed Combat
  1478 | D:2      | Mangled by an orc wizard

Skill      XL: |  1  2  3 |
---------------+----------+-----
Unarmed Combat | 4 5 |  5.0
Fighting       | |  1.1
Dodging        | |  2.6
Spellcasting   | |  2.0
Transmutations | |  2.6

Action                   || total
-------------------------++-------
Melee: Unarmed           ||    97
       Headbutt          ||     8
       Punch             ||     2
 Cast: Beastly Appendage ||    17
       Spider Form       ||     1
  Use: Potion            ||     3
  Eat: Chunk             ||     2
Armor: Robe              ||    16
       Skin              ||     1
Dodge: Dodged            ||    63
